 Dungeon Crawl Stone Soup version 0.27.1 (webtiles) character file.

Game seed: 2952064389213363297

21 nxtlvl the Ruffian (level 2, -2/29 HPs)
             Began as a Troll Abyssal Knight on Sept 4, 2021.
             Was a Follower of Lugonu.
             Slain by a gnoll (8 damage)
             ... on level 2 of the Dungeon.
             The game lasted 00:02:04 (228 turns).

nxtlvl the Ruffian (Troll Abyssal Knight)            Turns: 228, Time: 00:02:05

Health: -2/29      AC:  4    Str: 19    XL:     2   Next: 62%
Magic:  2/2        EV:  9    Int:  8    God:    Lugonu [*.....]
Gold:   9          SH:  0    Dex:  9    Spells: 1/1 levels left

rFire    . . .     SeeInvis .     - Unarmed
rCold    . . .     Faith    .   (no shield)
rNeg     . . .     Spirit   .   a - +0 robe
rPois    .         Reflect  .   (helmet restricted)
rElec    .         Harm     .   (no cloak)
rCorr    .         Rampage  .   (gloves unavailable)
Will     .....                  (boots unavailable)
Stlth    +.........             (no amulet)
HPRegen  1.09/turn              (no ring)
MPRegen  0.08/turn              (no ring)

@: no status effects
A: large, unfitting armour, claws 3, regeneration 1, shaggy fur 1, tough skin 1
a: Renounce Religion, Depart the Abyss


You were on level 2 of the Dungeon.
You worshipped Lugonu.
Lugonu was aware of your devotion.
You visited 1 branch of the dungeon, and saw 2 of its levels.
You visited the Abyss 1 time.

You collected 9 gold pieces.

Inventory:

Missiles
 d - 17 sling bullets
Armour
 a - a +0 robe (worn)
Jewellery
 f - a ring of protection from fire
Scrolls
 b - a scroll of identify {unknown}
 e - a scroll of amnesia {unknown}
Potions
 c - a potion of lignification {unknown}


   Skills:
 - Level 2.4 Fighting
 - Level 1.9 Dodging
 * Level 3.2 Unarmed Combat
 - Level 1.5 Invocations


You had one spell level left.
You didn't know any spells.
Your spell library contained the following spells:

 Spells                   Type           Power      Damage    Failure   Level
 Stone Arrow              Conj/Erth      0%         3d7       78%         3
 Animate Armour           Summ/Erth      0%         N/A       99%         4
 Lehudib's Crystal Spear  Conj/Erth      0%         10d2      100%        8


Dungeon Overview and Level Annotations

Branches:
Dungeon (2/15)

Altars:


Innate Abilities, Weirdness & Mutations

You are too large for most types of armour.
You have claws for hands.
Your natural rate of healing is unusually fast.
You are covered in fur. (AC +1)
You have tough skin. (AC +1)


Message History

The jackal bites you but does no damage.
You barely miss the jackal. The jackal bites you.
You claw the jackal!
You kill the jackal!
Lugonu accepts your kill.
A frilled lizard and a jackal come into view.
Found a tubular emerald ring.
Found 17 sling bullets.
The jackal barks!
A rat comes into view.
Found 12 gold pieces.
Found a book of Armaments.
You claw the jackal!
You kill the jackal!
Lugonu accepts your kill.
Press: ? - help, v - describe, . - travel, g - get item Item here: a book of Armaments.
The floor.
You pick up a book of Armaments and begin reading...
You add the spells Stone Arrow, Animate Armour and Lehudib's Crystal Spear to your library.
You claw the rat!
You kill the rat!
Lugonu accepts your kill.
There is a stone staircase leading up here.
You climb upwards.
There is a stone staircase leading down here.
You climb downwards.
There is a stone staircase leading up here.
An adder comes into view. 3 gnolls come into view.
The gnoll shouts! x2
There is a stone staircase leading up here.
The gnoll hits you with a +0 halberd.
You closely miss the gnoll. The gnoll hits you with a +0 halberd!
You scratch the gnoll.
The gnoll is heavily wounded.
The gnoll hits you from afar with a +0 halberd!
* * * LOW HITPOINT WARNING * * *
The gnoll hits you with a +0 halberd!
You die...

#.>.#######>.......####
†................#....#
#.#.....###......(.....
..#####.....#...######
### ######..†#.# #
#..........##
####...########..#
.....# ##<# .....# #@#
.....# #g## ....## #Sg#
....# #..# ....# ##.#
....# #.# ....# ...
##### ... ....


You could see 2 gnolls and an adder.

Vanquished Creatures
  A worm (D:2)
  2 endoplasms (D:2)
  A hobgoblin (D:2)
  2 jackals (D:2)
  A kobold (D:1)
  A quokka (D:2)
  2 ball pythons
  4 bats
  A frilled lizard (D:2)
  2 rats
17 creatures vanquished.

Notes
Turn   | Place    | Note
-------+----------+-------------------------------------------
     0 | Abyss:1  | nxtlvl the Troll Abyssal Knight began the quest for the
                  | Orb.
     0 | Abyss:1  | Reached XP level 1. HP: 22/22 MP: 1/1
    37 | D:1      | Escaped the Abyss
   133 | D:2      | Reached XP level 2. HP: 29/29 MP: 2/2
   170 | D:2      | Reached skill level 3 in Unarmed Combat
   228 | D:2      | Slain by a gnoll

Illustrated notes

Levels and vault maps discovered:
D:1:      lightli_arrival_farm, layout_loops_ring, serial_shops,
          nicolae_square_shop, columned_hall_lemuel
D:2:      layout_rooms, shapermc_ecumenical_altar_hornbeckon

Skill      XL: |  1  2 |
---------------+-------+-----
Unarmed Combat | 3 |  3.2
Fighting       | |  2.4
Dodging        | |  1.9
Invocations    | |  1.5

Action                   || total
-------------------------++-------
Melee: Unarmed           ||    44
 Stab: Sleeping          ||     3
Armor: Robe              ||    12
Dodge: Dodged            ||    18
